AoeStats
← King Nikovsk II

MegaRandom

507814231Analyzed
2v2 RM · 12d ago on Sep 19, 2026· 86m 3s· 4 players
Game mode
Random Map
Map size
Medium (4 player)
Population
200
Speed
Normal
Resources
Standard
Victory
Conquest
Starting age
Dark Age
Ending age
Imperial Age
RankedLock teamsTeams togetherTeam positionsShared explorationLock speedFull tech treeHidden civsTurbo modeCheats
Victory
Defeat
🇲🇽 Mongols · Mexico
1074
+16
🇲🇽 Magyars · Mexico
1069
+16
🇧🇷 Berbers · Brazil
1083
-16
🇧🇷 Huns · Brazil
1064
-16
Yi long Ma
4:52 Loom
11:23 Feudal Age
12:40 Double-Bit Axe
17:08 Castle Age
22:21 Scale Barding Armor
24:01 Scale Mail Armor
23:25 Pikeman
28:20 Scale Mail Armor
31:40 Double-Bit Axe
32:37 Wheelbarrow
31:54 Horse Collar
36:20 Bow Saw
42:01 Chain Mail Armor
44:08 Elite Skirmisher
56:43 Heavy Plow
60:01 Imperial Age
59:39 Fletching
59:49 Padded Archer Armor
60:47 Hand Cart
60:53 Ballistics
61:40 Halberdier
62:43 Conscription
63:16 Treadmill Crane
64:12 Corvinian Army
65:49 Bodkin Arrow
66:09 Leather Archer Armor
67:11 Chemistry
70:27 Thumb Ring
70:25 Bracer
70:41 Leather Archer Armor
70:38 Masonry
73:25 Ring Archer Armor
73:18 Chain Barding Armor
74:12 Husbandry
74:25 Bloodlines
73:50 Light Cavalry
75:39 Crop Rotation
75:13 Husbandry
74:57 Cavalier
76:40 Elite Magyar Huszar
78:43 Paladin
Profesor_Caos
7:06 Loom
9:49 Feudal Age
12:22 Double-Bit Axe
12:34 Gold Mining
13:59 Horse Collar
14:49 Fletching
20:31 Castle Age
21:26 Thumb Ring
21:35 Bodkin Arrow
23:39 Bloodlines
29:07 Husbandry
29:06 Pikeman
30:31 Padded Archer Armor
31:36 Wheelbarrow
32:49 Leather Archer Armor
34:20 Scale Barding Armor
36:53 Chain Barding Armor
39:13 Imperial Age
37:35 Forging
37:59 Heavy Plow
37:50 Stone Mining
38:36 Gold Shaft Mining
38:04 Scale Mail Armor
40:22 Hand Cart
40:10 Bracer
41:12 Chemistry
40:52 Stone Shaft Mining
41:07 Parthian Tactics
40:09 Heavy Camel Rider
41:30 Iron Casting
41:10 Light Cavalry
42:35 Conscription
41:56 Heavy Cavalry Archer
43:52 Ballistics
43:50 Town Watch
46:01 Blast Furnace
47:39 Bow Saw
47:03 Capped Ram
47:46 Nomads
48:06 Drill
49:56 Siege Ram
56:58 Coinage
62:28 Caravan
63:02 Hussar
66:10 Hoardings
65:47 Masonry
76:27 Elite Mangudai
81:08 Banking
Winter Dragon
7:56 Loom
10:27 Feudal Age
11:20 Double-Bit Axe
11:16 Horse Collar
15:36 Forging
18:53 Fletching
22:08 Castle Age
21:18 Bloodlines
22:36 Scale Barding Armor
22:34 Padded Archer Armor
26:59 Husbandry
28:19 Bodkin Arrow
28:40 Leather Archer Armor
28:31 Scale Barding Armor
30:46 Bow Saw
31:35 Chain Barding Armor
31:47 Town Watch
32:39 Wheelbarrow
32:50 Heavy Plow
32:47 Gold Mining
32:50 Stone Mining
34:07 Fervor
34:20 Sanctity
34:26 Thumb Ring
37:48 Iron Casting
39:09 Ballistics
39:00 Masonry
38:45 Murder Holes
40:27 Gold Shaft Mining
41:57 Hand Cart
41:43 Town Patrol
47:37 Imperial Age
48:26 Bracer
50:44 Blast Furnace
50:20 Plate Barding Armor
50:14 Parthian Tactics
50:47 Elite Tarkan
51:48 Conscription
53:49 Chemistry
53:40 Heavy Cavalry Archer
56:01 Light Cavalry
57:55 Elite Genitour
65:21 Scale Mail Armor
66:39 Caravan
76:43 Hussar
King Nikovsk II
2:22 Loom
9:51 Feudal Age
10:32 Double-Bit Axe
16:06 Castle Age
14:59 Scale Barding Armor
14:40 Horse Collar
16:49 Scale Barding Armor
17:13 Heavy Plow
18:29 Bloodlines
18:52 Bow Saw
23:28 Chain Barding Armor
24:08 Forging
24:39 Husbandry
25:09 Gold Mining
28:29 Wheelbarrow
30:09 Iron Casting
31:03 Gold Shaft Mining
32:09 Hand Cart
31:40 Town Watch
40:44 Stone Mining
54:25 Fletching
54:35 Padded Archer Armor
54:40 Kasbah
57:08 Bodkin Arrow
57:29 Leather Archer Armor
58:07 Ballistics
59:51 Light Cavalry
65:37 Imperial Age
71:35 Hoardings
75:54 Caravan
76:58 Bracer
78:14 Chemistry
77:28 Masonry
84:53 Elite Camel Archer
86:03 Conscription
Connection lost

Rejoining the realm…

Still unreachable

The connection could not be restored.

Session expired

The server has moved on; the page needs a fresh start.